[Event "*** Titled Tuesday Blitz"]
[Site "Chess.com"]
[Date "2021.03.09"]
[Round "2"]
[White "Mrlammy"]
[Black "SaqoChess_Twitch"]
[Result "0-1"]
[WhiteElo "2292"]
[BlackElo "2529"]
[TimeControl "180+1"]
[EndTime "10:14:56 PST"]
[Termination "SaqoChess_Twitch won by resignation"]

1. e4 c5 2. Nf3 d6 3. Bb5+ Nd7 4. O-O Nf6 5. Re1 a6 6. Bf1 e6 7. c3 b6 8. d4 Bb7 9. Bg5 Be7 10. Nbd2 O-O 11.
e5 dxe5 12. Nxe5 Nxe5 13. dxe5 Nd7 14. Bxe7 Qxe7 15. Ne4 Nxe5 16. Nd6 Nf3+ 17. gxf3 Rad8 18. Nxb7 Rxd1 19. Raxd1 Qxb7 20. Bg2 Qe7 21. Rd2 Rd8 22. Red1 Rxd2 23. Rxd2 g6 24. Bf1 Qg5+ 0-1

[Event "*** Titled Tuesday Blitz"]
[Site "Chess.com"]
[Date "2021.03.09"]
[Round "2"]
[White "GigaQuparadze"]
[Black "Artem_Sadovsky"]
[Result "1-0"]
[WhiteElo "2953"]
[BlackElo "2575"]
[TimeControl "180+1"]
[EndTime "10:15:01 PST"]
[Termination "GigaQuparadze won by resignation"]

1. e4 c6 2. d4 d5 3. Nc3 dxe4 4.
Nxe4 Nf6 5. Nxf6+ exf6 6. c3 Bd6 7. Bd3 O-O 8. Qc2 Re8+ 9. Ne2 h5 10. O-O h4 11. h3 Nd7 12. Be3 Qc7 13. c4 c5 14. Nc3 a6 15. Nd5 Qb8 16. Rae1 b6 17. Bf4 Rxe1 18. Rxe1 Bb7 19. Ne7+ Kf8 20. Bxd6 Qxd6 21. Nf5 Qf4 22. Qe2 Rd8 1-0

[Event "*** Titled Tuesday Blitz"]
[Site "Chess.com"]
[Date "2021.03.09"]
[Round "2"]
[White "ShimanovAlex"]
[Black "GarciaIsaac"]
[Result "1-0"]
[WhiteElo "2788"]
[BlackElo "2520"]
[TimeControl "180+1"]
[EndTime "10:15:01 PST"]
[Termination "ShimanovAlex won by resignation"]

1. Nf3 Nf6 2. b3 g6 3. Bb2 Bg7 4. g3 O-O 5. Bg2 d5 6. c4 c5 7. cxd5 Nxd5 8. Bxg7 Kxg7 9. Qc1 b6 10. O-O Bb7 11. d4 cxd4 12. Nxd4 e5 13. Nf3 Qe7 14. Qb2 Re8 15. Rd1 Nf6 16. Na3 e4 17. Nd4 e3 18.
f3 Nbd7 19. Nc4 Rad8 20. Nd6 1-0

[Event "*** Titled Tuesday Blitz"]
[Site "Chess.com"]
[Date "2021.03.09"]
[Round "2"]
[White "Chernov_Mikhail"]
[Black "niki_2003"]
[Result "1-0"]
[WhiteElo "2383"]
[BlackElo "2037"]
[TimeControl "180+1"]
[EndTime "10:15:17 PST"]
[Termination "Chernov_Mikhail won by checkmate"]

1. e4 c6 2. d4 d5 3. e5 Bf5 4.
h4 h6 5. g4 Bh7 6. e6 fxe6 7. Bd3 Nf6 8. Bxh7 Rxh7 9. Qd3 Kf7 10.
Nf3 Kg8 11. g5 Ne4 12. g6 Rh8 13. Ne5 c5 14. Nc3 cxd4 15. Nxe4 dxe4 16. Qxe4 Nc6 17.
Nxc6 bxc6 18. Qxe6# 1-0

[Event "*** Titled Tuesday Blitz"]
[Site "Chess.com"]
[Date "2021.03.09"]
[Round "2"]
[White "Konavets"]
[Black "Piotrek1979"]
[Result "1-0"]
[WhiteElo "2915"]
[BlackElo "2362"]
[TimeControl "180+1"]
[EndTime "10:15:28 PST"]
[Termination "Konavets won by resignation"]

1. d4 Nf6 2. Nc3 d5 3. Bg5 c6 4. f3 Qb6 5. a3 Bf5 6. e3 e6 7.
Bxf6 gxf6 8. Bd3 Bg6 9. Nge2 Nd7 10. O-O Bd6 11. Kh1 Bxd3 12. Qxd3 f5 13. e4 fxe4 14. fxe4 f6 15. exd5 cxd5 16. Qh3 1-0

[Event "*** Titled Tuesday Blitz"]
[Site "Chess.com"]
[Date "2021.03.09"]
[Round "2"]
[White "atbenina64"]
[Black "Firouzja2003"]
[Result "0-1"]
[WhiteElo "2482"]
[BlackElo "3136"]
[TimeControl "180+1"]
[EndTime "10:15:36 PST"]
[Termination "Firouzja2003 won by resignation"]

1. Nf3 d5 2. e3 Nf6 3. c4 e6 4.
Nc3 Be7 5. b3 O-O 6. Bb2 c5 7. cxd5 Nxd5 8. Nxd5 exd5 9. Qc2 Nc6 10. a3 Be6 11. Bd3 h6 12. O-O Rc8 13. Bf5 Qd7 14. Bxe6 Qxe6 15. Rac1 b5 16. d3 a5 17. Qd2 Rfd8 18. Rfd1 d4 19. e4 Qxb3 20. Rc2 c4 21. Bc1 c3 22. Qe2 b4 23. Ne1 Qe6 0-1

[Event "*** Titled Tuesday Blitz"]
[Site "Chess.com"]
[Date "2021.03.09"]
[Round "2"]
[White "BojanR1"]
[Black "ZiggyStardust64"]
[Result "0-1"]
[WhiteElo "2337"]
[BlackElo "2651"]
[TimeControl "180+1"]
[EndTime "10:15:37 PST"]
[Termination "ZiggyStardust64 won by resignation"]

1. d4 Nf6 2. c4 g6 3. Nf3 Bg7 4. Nc3 d5 5. Bf4 O-O 6. e3 c5 7.
dxc5 Qa5 8. Qa4 Qxa4 9. Nxa4 Na6 10. O-O-O Be6 11. cxd5 Nxd5 12. Be5 Nxc5 13. Bxg7 Kxg7 14. Nxc5 Rac8 15. Kb1 Rxc5 16. Bd3 Nb4 17. Nd4 Bxa2+ 18. Ka1 Ra5 19. b3 Bxb3+ 20. Kb2 Bxd1 21. Rxd1 Nxd3+ 22.
Rxd3 Rc8 23. Rb3 b6 24. Nb5 Rc5 25. Nc3 h5 26. h4 Rc4 27. g3 Rf5 28. f4 Rfc5 29.
e4 Rxc3 30. Rxc3 Rxc3 0-1

[Event "*** Titled Tuesday Blitz"]
[Site "Chess.com"]
[Date "2021.03.09"]
[Round "2"]
[White "Frogo47"]
[Black "FormerProdigy"]
[Result "0-1"]
[WhiteElo "2537"]
[BlackElo "2853"]
[TimeControl "180+1"]
[EndTime "10:15:41 PST"]
[Termination "FormerProdigy won by resignation"]

1. e4 c5 2. Nf3 d6 3. d4 cxd4 4. Nxd4 Nf6 5. Nc3 a6 6. Bg5 Nbd7 7. Qe2 Qc7 8. O-O-O e6 9. f4 b5 10. Bxf6 Nxf6 11.
e5 dxe5 12. fxe5 Nd7 13. Nf3 Bb7 14. Re1 Bb4 15. Qe3 Rc8 16. a3 Bxc3 17. Qxc3 Qxc3 18. bxc3 Rxc3 19. Kb2 Rc5 20. Bd3 Bxf3 21. gxf3 Nxe5 22.
f4 Nxd3+ 23. cxd3 Kd7 24. Re5 Rhc8 0-1

[Event "*** Titled Tuesday Blitz"]
[Site "Chess.com"]
[Date "2021.03.09"]
[Round "2"]
[White "BursaBBSatranc"]
[Black "enriquebutti"]
[Result "1-0"]
[WhiteElo "2605"]
[BlackElo "2202"]
[TimeControl "180+1"]
[EndTime "10:15:59 PST"]
[Termination "BursaBBSatranc won by resignation"]

1. d4 d5 2. Bf4 c5 3. e3 cxd4 4.
exd4 Nc6 5. c3 Nf6 6. Bd3 g6 7. Nf3 Bg7 8. O-O O-O 9. h3 Bf5 10. Re1 Bxd3 11. Qxd3 Ne4 12. Nbd2 Nxd2 13. Qxd2 Re8 14.
Bh6 b5 15. Bxg7 Kxg7 16. a3 a5 17. h4 h5 18. Qf4 Qb8 19. Qg5 e6 20. g4 hxg4 21.
Qxg4 Rh8 22. Ng5 Ne7 23. Nxf7 Kxf7 24. Qxe6+ 1-0

[Event "*** Titled Tuesday Blitz"]
[Site "Chess.com"]
[Date "2021.03.09"]
[Round "2"]
[White "Federtiu"]
[Black "Slovak_fighter2000"]
[Result "1-0"]
[WhiteElo "2657"]
[BlackElo "2418"]
[TimeControl "180+1"]
[EndTime "10:16:02 PST"]
[Termination "Federtiu won by resignation"]

1. e4 e6 2. d3 d5 3. Nd2 Nf6 4.
g3 c5 5. Bg2 Nc6 6. Ne2 Be7 7.
O-O b6 8. exd5 Nxd5 9. c4 Ndb4 10. a3 Rb8 11. axb4 Nxb4 12. Rxa7 Qxd3 13. Ne4 Bb7 14. Rxb7 Rxb7 15. Nd6+ Bxd6 16. Bxb7 Ke7 17. Nf4 Qxc4 18. Re1 Rd8 19. Nxe6 Rd7 20. Nxc5+ Kd8 21. Nxd7 Kxd7 22. Bf4 1-0

[Event "*** Titled Tuesday Blitz"]
[Site "Chess.com"]
[Date "2021.03.09"]
[Round "2"]
[White "ChessSwole"]
[Black "Mbneu"]
[Result "1-0"]
[WhiteElo "2537"]
[BlackElo "2297"]
[TimeControl "180+1"]
[EndTime "10:16:02 PST"]
[Termination "ChessSwole won by resignation"]

1. e4 c5 2. Nc3 a6 3. a4 Nc6 4. Bc4 e6 5. d3 Nge7 6. f4 g5 7.
fxg5 h6 8. Nf3 Ng6 9. h4 hxg5 10. Bxg5 Be7 11. Bxe7 Qxe7 12. g3 Nd4 13. Nxd4 cxd4 14. Ne2 Qb4+ 15. Qd2 Qxb2 16. O-O Qb6 17. Qg5 Qd6 18.
Rxf7 Kxf7 19. Rf1+ Kg7 20. Qf6+ Kh7 21. Qf7+ Kh6 22.
Rf6 1-0

[Event "*** Titled Tuesday Blitz"]
[Site "Chess.com"]
[Date "2021.03.09"]
[Round "2"]
[White "tgpgoat"]
[Black "c_r_e_e_p_e_r"]
[Result "0-1"]
[WhiteElo "2164"]
[BlackElo "2414"]
[TimeControl "180+1"]
[EndTime "10:16:02 PST"]
[Termination "c_r_e_e_p_e_r won by resignation"]

1. d4 Nf6 2. Nf3 d5 3. Bf4 e6 4. e3 Bd6 5. Bg3 O-O 6. Bd3 b6 7. c3 Bb7 8. Nbd2 c5 9. O-O Nc6 10. Re1 Qc7 11. Bxd6 Qxd6 12. a3 e5 13. dxe5 Nxe5 14.
Nxe5 Qxe5 15. Nf3 Qe7 16. b4 Rac8 17. a4 Ne4 18. Bxe4 dxe4 19. Nd2 cxb4 20. cxb4 Qxb4 21. Qe2 Rc2 22. Red1 h6 23. Qg4 Rxd2 24. Rdb1 Rb2 25. Rd1 f5 26. Qg6 Qe7 27. g3 Rf6 28. Qh5 Qf7 29.
Qe2 Rxe2 0-1

[Event "*** Titled Tuesday Blitz"]
[Site "Chess.com"]
[Date "2021.03.09"]
[Round "2"]
[White "redblizzard"]
[Black "tylityli"]
[Result "1-0"]
[WhiteElo "2458"]
[BlackElo "2238"]
[TimeControl "180+1"]
[EndTime "10:16:04 PST"]
[Termination "redblizzard won by resignation"]

1. e4 e5 2. Nf3 Nc6 3. Nc3 Nf6 4. d4 exd4 5. Nxd4 Bb4 6. Nxc6 bxc6 7. Bd3 d5 8. exd5 cxd5 9. O-O O-O 10. h3 c6 11.
Qf3 h6 12. Ne2 Bd6 13. Ng3 Rb8 14. Nf5 Bxf5 15. Qxf5 g6 16. Qf3 Kg7 17. c4 Be5 18.
Re1 Bxb2 19. Bf4 Bxa1 20. Rxa1 Re8 21. Rc1 Ne4 22. cxd5 cxd5 23. Rc7 Qf6 24. Bxe4 Rxe4 25. Bxh6+ 1-0

[Event "*** Titled Tuesday Blitz"]
[Site "Chess.com"]
[Date "2021.03.09"]
[Round "2"]
[White "German_Bazeev"]
[Black "VFernandezB"]
[Result "1-0"]
[WhiteElo "2741"]
[BlackElo "2508"]
[TimeControl "180+1"]
[EndTime "10:16:06 PST"]
[Termination "German_Bazeev won by resignation"]

1. d4 Nf6 2. Nf3 g6 3. c4 Bg7 4. Nc3 d5 5. cxd5 Nxd5 6. Qa4+ Bd7 7. Qa3 Nxc3 8. bxc3 O-O 9. Bg5 Re8 10. e3 Bc6 11.
Be2 Qd6 12. Qb2 Nd7 13. O-O e5 14. Rfd1 Bxf3 15. Bxf3 e4 16. Be2 Qb6 17. Rab1 Qxb2 18. Rxb2 b6 19. Bb5 Red8 20. Bxd8 Rxd8 21. Bxd7 Rxd7 22.
a4 a5 23. Rb5 f5 24. g3 Kf7 25. c4 Bf8 26. c5 bxc5 27. Rxa5 c4 28. Rc1 c3 29.
Rb5 c6 30. Rb6 c5 31. dxc5 Bxc5 32. Rb3 Ra7 33. Rbxc3 Bd6 34. Rc6 Ke7 35. R6c4 Ke6 36. Rd1 Be5 37. Kg2 h5 38. h4 Ra5 39. Rb4 Ra6 40. Rdb1 Bd6 41. Rb6 Rxa4 42. Rd1 1-0

[Event "*** Titled Tuesday Blitz"]
[Site "Chess.com"]
[Date "2021.03.09"]
[Round "2"]
[White "ymoy"]
[Black "Chesspirate_Channel"]
[Result "1-0"]
[WhiteElo "2649"]
[BlackElo "2372"]
[TimeControl "180+1"]
[EndTime "10:16:06 PST"]
[Termination "ymoy won by resignation"]

1. e4 e5 2. Nf3 d5 3. Nxe5 Bd6 4. d4 dxe4 5. Bc4 Bxe5 6. Qh5 Qe7 7. dxe5 Nc6 8. Nc3 g6 9. Qe2 Be6 10. Bb5 f5 11.
exf6 Nxf6 12. Bg5 h6 13. Bxf6 Qxf6 14. Qxe4 O-O 15. O-O Nd4 16. Rad1 c5 17. Nd5 Qf5 18. Ne7+ 1-0

[Event "*** Titled Tuesday Blitz"]
[Site "Chess.com"]
[Date "2021.03.09"]
[Round "2"]
[White "abeljusto"]
[Black "IMAghasiyevKamal"]
[Result "1-0"]
[WhiteElo "2174"]
[BlackElo "2512"]
[TimeControl "180+1"]
[EndTime "10:16:12 PST"]
[Termination "abeljusto won by resignation"]

1. d4 d5 2. Bf4 Nf6 3. e3 c5 4. c3 Nc6 5. Nd2 Bg4 6. Qb3 Qd7 7.
Ngf3 e6 8. Bb5 Bxf3 9. Nxf3 Bd6 10. Ne5 Qc7 11. Qa4 Nd7 12. Bxc6 Bxe5 13. Bxd7+ Qxd7 14. Qxd7+ Kxd7 15. Bxe5 f6 16. Bg3 Rhc8 17. Ke2 Rc6 18. Rhd1 Rac8 19. dxc5 Rxc5 20. e4 Kc6 21. exd5+ exd5 22. Rd2 Re8+ 23. Kf1 a5 24. Rad1 a4 25. a3 Re4 26. f3 Rb5 27. fxe4 1-0

[Event "*** Titled Tuesday Blitz"]
[Site "Chess.com"]
[Date "2021.03.09"]
[Round "2"]
[White "jefferyx"]
[Black "Mikhail_Golubev"]
[Result "1-0"]
[WhiteElo "3016"]
[BlackElo "2588"]
[TimeControl "180+1"]
[EndTime "10:16:16 PST"]
[Termination "jefferyx won by resignation"]

1. e4 c5 2. Nf3 d6 3. d4 Nf6 4. Bb5+ Nbd7 5. Nc3 cxd4 6. Qxd4 g6 7. Bg5 Bg7 8. e5 dxe5 9. Nxe5 O-O 10. O-O-O Qa5 11. f4 Nxe5 12. fxe5 Ng4 13. Bxe7 Bxe5 14. Qb4 Bxc3 15. bxc3 Qxb4 16. cxb4 Nf2 17. Bxf8 Be6 18. Bc5 Nxh1 19. Rxh1 1-0

[Event "*** Titled Tuesday Blitz"]
[Site "Chess.com"]
[Date "2021.03.09"]
[Round "2"]
[White "Barbix1"]
[Black "elcandado"]
[Result "0-1"]
[WhiteElo "2433"]
[BlackElo "2665"]
[TimeControl "180+1"]
[EndTime "10:16:16 PST"]
[Termination "elcandado won by resignation"]

1. d4 Nf6 2. c4 e6 3. Nf3 d5 4.
Bg5 Bb4+ 5. Nc3 dxc4 6. e4 c5 7. e5 cxd4 8. Nxd4 Bxc3+ 9. bxc3 Qa5 10. exf6 Qxg5 11. fxg7 Qxg7 12. Qf3 Nd7 13. Qe3 Qe5 14. Qxe5 Nxe5 15. f4 Nd3+ 16. Bxd3 cxd3 17. Nb5 Ke7 18. Rd1 Bd7 19. Nd4 Rac8 20. Rxd3 Rc4 21. Kd2 Ra4 22. Ra1 Rc8 23. Re3 Rc5 24. Kc2 Rxd4 0-1

[Event "*** Titled Tuesday Blitz"]
[Site "Chess.com"]
[Date "2021.03.09"]
[Round "2"]
[White "jannat65"]
[Black "TeukkaSalama"]
[Result "0-1"]
[WhiteElo "1942"]
[BlackElo "2375"]
[TimeControl "180+1"]
[EndTime "10:16:17 PST"]
[Termination "TeukkaSalama won by checkmate"]

1. e4 e6 2. Nf3 d5 3. exd5 exd5 4. d4 Nc6 5. Bd3 Nb4 6. O-O Nxd3 7. Qxd3 Bd6 8.
Re1+ Ne7 9. Nbd2 O-O 10. c4 Bf5 11. Qc3 c6 12. c5 Bc7 13. Ne5 f6 14. Nef3 Ng6 15. b4 a6 16. a4 Re8 17. Bb2 Qd7 18. a5 Nf4 19. h3 Bxh3 20. gxh3 Qxh3 21. Nh4 Ne2+ 22. Rxe2 Bh2+ 23. Kh1 Bg3+ 24. Kg1 Qh2+ 25. Kf1 Qh1# 0-1

[Event "*** Titled Tuesday Blitz"]
[Site "Chess.com"]
[Date "2021.03.09"]
[Round "2"]
[White "buhomurciano"]
[Black "Korona_91"]
[Result "0-1"]
[WhiteElo "2259"]
[BlackElo "2484"]
[TimeControl "180+1"]
[EndTime "10:16:18 PST"]
[Termination "Korona_91 won by checkmate"]

1. e4 e6 2. d3 d5 3. Qe2 dxe4 4. dxe4 e5 5. c3 Nf6 6. Qc2 Nc6 7. Bc4 Bc5 8. Nf3 Bg4 9. b4 Bxf3 10. gxf3 Bb6 11. a4 a5 12. b5 Ne7 13. Rg1 Ng6 14. Ba3 Qd7 15. Nd2 O-O-O 16. Nb3 Nh4 17. Be2 Qh3 18.
c4 Qxh2 19. Rf1 Ng2# 0-1

[Event "*** Titled Tuesday Blitz"]
[Site "Chess.com"]
[Date "2021.03.09"]
[Round "2"]
[White "MaxLeto"]
[Black "lacafi"]
[Result "1-0"]
[WhiteElo "2405"]
[BlackElo "2132"]
[TimeControl "180+1"]
[EndTime "10:16:18 PST"]
[Termination "MaxLeto won by resignation"]

1. g4 d6 2. g5 e5 3. d4 exd4 4. Nf3 c5 5. c3 dxc3 6. Nxc3 Nc6 7. Bf4 a6 8. Qd2 Be7 9. O-O-O h6 10. Rg1 hxg5 11. Nxg5 Ne5 12. Bxe5 dxe5 13. Qxd8+ Bxd8 14. Rxd8+ 1-0

[Event "*** Titled Tuesday Blitz"]
[Site "Chess.com"]
[Date "2021.03.09"]
[Round "2"]
[White "Brave_spirit12"]
[Black "tusplingher"]
[Result "1-0"]
[WhiteElo "2575"]
[BlackElo "2282"]
[TimeControl "180+1"]
[EndTime "10:16:21 PST"]
[Termination "Brave_spirit12 won by checkmate"]

1. e4 c5 2. c3 d5 3. exd5 Qxd5 4. Nf3 g6 5. d4 Bg7 6. Be2 Nc6 7. O-O cxd4 8. cxd4 Nxd4 9. Nxd4 Qxd4 10. Bb5+ Kf8 11. Nd2 Bg4 12. Qb3 Nf6 13. Nf3 Bxf3 14.
Qxf3 Qe4 15. Qb3 Kg8 16. Bc4 e6 17. Bg5 h6 18. Rfe1 Qg4 19. Bxf6 Bxf6 20. Rxe6 Kg7 21. Rxf6 Kxf6 22. Qc3+ Ke7 23. Re1+ Kd7 24. Bb5+ Kd6 25. Qe5# 1-0

[Event "*** Titled Tuesday Blitz"]
[Site "Chess.com"]
[Date "2021.03.09"]
[Round "2"]
[White "anon219"]
[Black "Vyacheslav_N"]
[Result "1-0"]
[WhiteElo "2856"]
[BlackElo "2359"]
[TimeControl "180+1"]
[EndTime "10:16:21 PST"]
[Termination "anon219 won by resignation"]

1. e4 g6 2. d4 Bg7 3. Nf3 d6 4. Bd3 a6 5. O-O b5 6. a4 b4 7. c3 bxc3 8. bxc3 Nf6 9. e5 Nfd7 10. e6 fxe6 11. Ng5 Nf6 12. Qf3 c6 13. Re1 O-O 14.
Qg3 e5 15. dxe5 Nh5 16. Qh4 Bxe5 17. Nxh7 Bf5 18. Nxf8 Qxf8 19. Bxf5 Qxf5 20. g4 Qf6 21. Bg5 Qf3 22. gxh5 Nd7 23. Nd2 1-0

[Event "*** Titled Tuesday Blitz"]
[Site "Chess.com"]
[Date "2021.03.09"]
[Round "2"]
[White "KazakhFighter04"]
[Black "dosto07"]
[Result "1-0"]
[WhiteElo "2746"]
[BlackElo "2346"]
[TimeControl "180+1"]
[EndTime "10:16:27 PST"]
[Termination "KazakhFighter04 won by resignation"]

1. d4 d5 2. Nc3 Nf6 3. Bf4 c6 4.
e3 Bf5 5. Bd3 e6 6. Nf3 Nbd7 7.
O-O Be7 8. Re1 O-O 9. e4 dxe4 10. Nxe4 Nxe4 11. Bxe4 Bxe4 12. Rxe4 Nf6 13. Re1 c5 14. c4 Rc8 15. b3 a6 16. Qc2 cxd4 17. Rad1 b5 18.
Rxd4 Qb6 19. Be5 Rfd8 20. Red1 bxc4 21. bxc4 Rxd4 22. Rxd4 h6 23. h3 Qc6 24. Qd3 Qa4 25. Qe2 Qb4 26. g4 a5 27. Kg2 a4 28. h4 Qb7 29. g5 hxg5 30. hxg5 Nd7 31. g6 Nxe5 32.
Qxe5 Bf6 33. Qe4 Bxd4 34. Qxb7 1-0

[Event "*** Titled Tuesday Blitz"]
[Site "Chess.com"]
[Date "2021.03.09"]
[Round "2"]
[White "PaulfromSPb"]
[Black "Marcin"]
[Result "0-1"]
[WhiteElo "2698"]
[BlackElo "2513"]
[TimeControl "180+1"]
[EndTime "10:16:32 PST"]
[Termination "Marcin won by resignation"]

1. e4 c6 2. d4 d5 3. Nd2 dxe4 4. Nxe4 Bf5 5. Ng3 Bg6 6. Nf3 Nd7 7. h4 h6 8. h5 Bh7 9. Bd3 Bxd3 10. Qxd3 e6 11. Bf4 Qa5+ 12. Bd2 Bb4 13. c3 Be7 14. c4 Qc7 15.
Ne4 Ngf6 16. O-O-O O-O 17. g3 Nxe4 18. Qxe4 Nf6 19.
Qe2 c5 20. Bf4 Qb6 21. Kb1 cxd4 22. Nxd4 Rfd8 23. Nb5 a6 24. Rxd8+ Rxd8 25. Bc7 Qc6 26. Rc1 Rd7 27. Na7 Qxc7 0-1

[Event "*** Titled Tuesday Blitz"]
[Site "Chess.com"]
[Date "2021.03.09"]
[Round "2"]
[White "Barbus89"]
[Black "Kildepiotr"]
[Result "0-1"]
[WhiteElo "2281"]
[BlackElo "2572"]
[TimeControl "180+1"]
[EndTime "10:16:33 PST"]
[Termination "Kildepiotr won by resignation"]

1. Nf3 g6 2. g3 Bg7 3. d4 d5 4. Bg2 Nf6 5. O-O O-O 6. c4 c6 7.
cxd5 cxd5 8. Nc3 Ne4 9. Nxe4 dxe4 10. Nd2 f5 11. e3 Be6 12. Nb3 b6 13. Qe2 Nd7 14. Bd2 Rc8 15. Rac1 Nf6 16. Rxc8 Qxc8 17. Rc1 Qb7 18. Qb5 Rc8 19. Nc5 Qd5 20. Bf1 bxc5 21. Bc4 Qc6 22. Qxc5 Bxc4 23. Rxc4 Qxc5 24. dxc5 Nd7 25. b4 a6 26. Bc3 Bxc3 27. Rxc3 Kf7 28.
Kf1 Ke6 29. Ke2 Ne5 30. a4 Rb8 31. c6 Kd6 32. b5 axb5 33. axb5 Kc7 34. Rc5 Nf7 35.
Rd5 Rd8 36. Rxd8 Nxd8 37. Kd2 Kb6 38. Kc3 Ne6 39. Kc4 Nc7 40. Kd4 Nxb5+ 41. Ke5 Nc7 0-1

[Event "*** Titled Tuesday Blitz"]
[Site "Chess.com"]
[Date "2021.03.09"]
[Round "2"]
[White "KruHor"]
[Black "jd001"]
[Result "1-0"]
[WhiteElo "2535"]
[BlackElo "2244"]
[TimeControl "180+1"]
[EndTime "10:16:33 PST"]
[Termination "KruHor won by checkmate"]

1. e4 e6 2. d4 d5 3. Nc3 Nf6 4.
Bg5 dxe4 5. Nxe4 Be7 6. Bxf6 gxf6 7. g3 f5 8. Nc3 Bf6 9. Nge2 Nd7 10. Bg2 Nb6 11. O-O O-O 12. Qd3 c6 13. Rad1 Qe7 14. Qf3 Kh8 15. Nf4 Nd5 16. Nh5 Bd7 17. Rfe1 Rfe8 18.
Nxf6 Qxf6 19. Ne2 Rad8 20. c4 Ne7 21. Nf4 Ng6 22. Nh5 Qg5 23. h4 Qe7 24. Qc3 Kg8 25. d5 e5 26. Qe3 cxd5 27. Qh6 Qf8 28. Nf6+ Kh8 29. Qxh7# 1-0

[Event "*** Titled Tuesday Blitz"]
[Site "Chess.com"]
[Date "2021.03.09"]
[Round "2"]
[White "UmarovSabir"]
[Black "IANOV0007"]
[Result "0-1"]
[WhiteElo "2283"]
[BlackElo "2487"]
[TimeControl "180+1"]
[EndTime "10:16:33 PST"]
[Termination "IANOV0007 won by resignation"]

1. e4 d6 2. d4 Nf6 3. Nc3 c6 4. Be3 Ng4 5. Bg5 Qb6 6. h3 Qxb2 7. Nge2 Nf6 8. Rb1 Qa3 9. e5 dxe5 10. dxe5 Nfd7 11. f4 f6 12. Bh4 fxe5 13. Rb3 Qa5 14. f5 Nc5 15. Rb1 Bxf5 16. Qd2 Nbd7 17. g4 Bg6 18. Bg2 O-O-O 19. O-O Nf6 20. Qe3 Ncd7 21. Bg3 e6 22. Rb3 Bc5 0-1

[Event "*** Titled Tuesday Blitz"]
[Site "Chess.com"]
[Date "2021.03.09"]
[Round "2"]
[White "Er_is_geen_hoop_meer"]
[Black "SwitchOnTwitch"]
[Result "1-0"]
[WhiteElo "2401"]
[BlackElo "2087"]
[TimeControl "180+1"]
[EndTime "10:16:36 PST"]
[Termination "Er_is_geen_hoop_meer won by resignation"]

1. Nf3 d5 2. d4 c6 3. c4 e6 4.
Qc2 Nf6 5. g3 Be7 6. Bg2 O-O 7.
O-O Nbd7 8. Nbd2 b6 9. e4 dxe4 10. Nxe4 Nxe4 11. Qxe4 Bb7 12. Rd1 Nf6 13. Qe2 Rc8 14.
Bf4 Bd6 15. Ne5 Qc7 16. c5 bxc5 17. dxc5 Bxe5 18. Bxe5 Qa5 19. Bxf6 gxf6 20. Qg4+ Kh8 21. Qh4 f5 22. Qf6+ Kg8 23. Rd4 Qxc5 24. Rh4 Rfd8 25. Qg5+ Kf8 26. Rxh7 Ke8 27. Rh8+ Kd7 28. Rd1+ Kc7 29.
Rhxd8 1-0

[Event "*** Titled Tuesday Blitz"]
[Site "Chess.com"]
[Date "2021.03.09"]
[Round "2"]
[White "Kotofeyca"]
[Black "zurzan"]
[Result "1-0"]
[WhiteElo "2375"]
[BlackElo "1959"]
[TimeControl "180+1"]
[EndTime "10:16:36 PST"]
[Termination "Kotofeyca won by resignation"]

1. d4 d6 2. c4 f5 3. Nc3 Nf6 4. Bg5 g6 5. Bxf6 exf6 6. e3 Qe7 7. Bd3 c6 8. Qf3 Bg7 9. h4 Na6 10. h5 Be6 11. a3 O-O-O 12. Nge2 g5 13. Bxf5 Bxf5 14.
Qxf5+ Kb8 15. h6 Bf8 16. Ng3 d5 17. cxd5 cxd5 18. Nxd5 Qd6 19. Nxf6 Be7 20. Nge4 Qc7 21. Nd5 Qd6 22. Nxd6 1-0

[Event "*** Titled Tuesday Blitz"]
[Site "Chess.com"]
[Date "2021.03.09"]
[Round "2"]
[White "Moon_stone123"]
[Black "suneebaker"]
[Result "1-0"]
[WhiteElo "2507"]
[BlackElo "2212"]
[TimeControl "180+1"]
[EndTime "10:16:38 PST"]
[Termination "Moon_stone123 won by resignation"]

1. e4 e5 2. Nf3 Nc6 3. Bb5 a6 4.
Ba4 Nf6 5. O-O Be7 6. Re1 b5 7. Bb3 O-O 8. a4 Rb8 9. d3 d6 10. Nc3 Na5 11. Ba2 b4 12. Ne2 b3 13. cxb3 c5 14.
Bd2 Nc6 15. Ng3 Re8 16. Bc3 Nb4 17. h3 Be6 18. Ng5 Nxa2 19. Rxa2 Bxb3 20. Qa1 Bxa2 21. Qxa2 h6 22. Nxf7 Qb6 23. Nxd6+ Qb3 24. Qxb3+ Rxb3 25. Nxe8 Nxe8 26. Bxe5 Rxd3 27. Nf5 Bf8 28. Rc1 Rd2 29. Bc3 Rd3 30. Kf1 g6 31. Ne3 Nd6 32. Ke2 Rd4 33.
Bxd4 cxd4 34. Nc2 1-0

[Event "*** Titled Tuesday Blitz"]
[Site "Chess.com"]
[Date "2021.03.09"]
[Round "2"]
[White "Ze-Pequeno"]
[Black "Balla_Tamas"]
[Result "0-1"]
[WhiteElo "2247"]
[BlackElo "2466"]
[TimeControl "180+1"]
[EndTime "10:16:39 PST"]
[Termination "Balla_Tamas won by resignation"]

1. e4 c5 2. Nf3 e6 3. d4 cxd4 4. Nxd4 a6 5. Bd3 Qc7 6. O-O Nf6 7. Qe2 d6 8. c4 Nbd7 9. f4 b6 10. Nc3 Bb7 11. Bd2 Be7 12. Rae1 Nc5 13. Bb1 O-O-O 14.
b4 Ncd7 15. a4 Kb8 16. Bd3 g6 17. Nb3 d5 18. cxd5 Bxb4 19. Rc1 Nc5 20. Nxc5 Bxc5+ 21. Kh1 exd5 22. e5 Ne4 23. Bxe4 dxe4 24. Be3 Bxe3 25.
Qxe3 Rd3 26. Qe1 Rc8 27. Ne2 Qd7 28. Rc7 Rxc7 0-1

[Event "*** Titled Tuesday Blitz"]
[Site "Chess.com"]
[Date "2021.03.09"]
[Round "2"]
[White "swimmerchess"]
[Black "eduardoperalta"]
[Result "0-1"]
[WhiteElo "2766"]
[BlackElo "2534"]
[TimeControl "180+1"]
[EndTime "10:16:40 PST"]
[Termination "eduardoperalta won by resignation"]

1. d4 Nf6 2. c4 c5 3. d5 d6 4. Nc3 g6 5. e4 Bg7 6. Bd3 O-O 7. Nge2 e6 8. O-O exd5 9. cxd5 Na6 10. Bg5 h6 11.
Bh4 Rb8 12. f4 Re8 13. Ng3 g5 14. fxg5 Ng4 15. g6 Qxh4 16. gxf7+ Kf8 17. fxe8=Q+ Kxe8 18. Bb5+ Kd8 19. Rf3 Bd4+ 20. Kf1 Nxh2+ 21. Ke2 Nxf3 22. gxf3 Qxg3 0-1

[Event "*** Titled Tuesday Blitz"]
[Site "Chess.com"]
[Date "2021.03.09"]
[Round "2"]
[White "AradNazari"]
[Black "krzyzan94"]
[Result "0-1"]
[WhiteElo "2501"]
[BlackElo "2731"]
[TimeControl "180+1"]
[EndTime "10:16:41 PST"]
[Termination "krzyzan94 won by resignation"]

1. e4 d6 2. d4 g6 3. Nc3 Bg7 4. f4 e6 5. Nf3 Ne7 6. Bd3 a6 7. O-O b6 8. Kh1 Bb7 9. Be3 O-O 10. f5 exf5 11. exf5 Nxf5 12. Bxf5 gxf5 13. Qd3 Qf6 14. d5 Nd7 15. Bd4 Ne5 16. Nxe5 dxe5 17. Rxf5 Qd6 18. Be3 Rad8 19. Rh5 Qg6 20. Qe2 f5 21. Rg5 Qf6 22. Qc4 Kh8 23. Rf1 f4 24. Ne4 Bxd5 25. Qxc7 Bxe4 0-1